 Dungeon Crawl Stone Soup version 0.32-a0-975-g85d4e5bfdb (webtiles) character file.

Game seed: 10214491850657991459

201 Strat the Slasher (level 5, -2/38 HPs)
             Began as a Coglin Gladiator on Apr 19, 2024.
             Killed from afar by an orc wizard (10 damage)
             ... with a puff of flame
             ... on level 4 of the Dungeon.
             The game lasted 00:04:10 (2658 turns).

Strat the Slasher (Coglin Gladiator)                Turns: 2658, Time: 00:04:11

Health: -2/38      AC:  6    Str: 14    XL:     5   Next: 79%
Magic:  5/5        EV: 10    Int:  7    God:
Gold:   140        SH:  0    Dex: 18    Spells: 4/4 levels left

rFire   . . .        a - +1 long sword {Fuyuko}
rCold   . . .        g - +2 dagger (venom) {Numeria}
rNeg    . . .        i - +0 ring mail
rPois   .            c - +0 helmet
rElec   .            (no cloak)
rCorr   .            (no gloves)
SInv    .            (no boots)
Will    .....        (amulet unavailable) Stlth
                     (ring unavailable)
HPRegen 0.26/turn    (ring unavailable)
MPRegen 0.09/turn    (no gizmo)

%: no passive effects
@: confused, revved
A: off-hand wielding, slow wielding, warmup strikes, no jewellery
a: Invent Gizmo


You were on level 4 of the Dungeon.
You visited 1 branch of the dungeon, and saw 4 of its levels.

You collected 140 gold pieces.

Inventory:

Hand Weapons
 a - a +1 long sword (weapon) {Fuyuko}
 f - a +0 dagger {Yeongsuk}
 g - a +2 dagger of venom (offhand) {Numeria}
 p - a +0 long sword
Missiles
 e - 7 javelins
 j - 2 datura-tipped darts
 s - 4 poisoned darts
Armour
 b - a +0 leather armour
 c - a +0 helmet (worn)
 i - a +0 ring mail (worn)
Potions
 l - a potion of degeneration
 m - a potion of attraction
 q - a potion of magic
 t - a potion of brilliance
 u - a potion of heal wounds {unknown}
 w - a potion of lignification {unknown}


   Skills:
 - Level 2.0 Fighting
 + Level 6.3 Long Blades
 - Level 1.7 Throwing
 - Level 2.6 Dodging


You had 4 spell levels left.
You didn't know any spells.
Your spell library contained the following spells:

 Spells                   Type           Power      Damage    Failure   Level
 Cigotuvi's Dreadful Rot  Necr/Alch/Air  0%         N/A       82%         2
 Lesser Beckoning         Tloc           0%         N/A       82%         2
 Fugue of the Fallen      Necr           0%         N/A       96%         3
 Maxwell's Portable Pile  Tloc           0%         2d(5-13)  96%         3
 Ozocubu's Armour         Ice            0%         N/A       96%         3
 Teleport Other           Tloc           0%         N/A       96%         3
 Ignite Poison            Fire/Alch      0%         N/A       100%        4
 Freezing Cloud           Conj/Ice/Air   0%         6-21      100%        5
 Manifold Assault         Tloc           0%         N/A       100%        7


Dungeon Overview and Level Annotations

Branches:
Dungeon (4/15)
 Temple: D:4-7

Altars:
Ashenzari
Dithmenos
Vehumet
Yredelemnul

Annotations:
D:3 exclusion: statue


Innate Abilities, Weirdness & Mutations

You can wield a second weapon in your off-hand.
It takes a long time for you to wield or remove held weapons.
Your first few attacks do less damage.
You cannot equip rings or amulets.


Message History

You barely miss the orc with your +1 long sword.
You hit the orc with your +2 dagger of venom.
The orc is poisoned.
Something hits you.
* * * LOW HITPOINT WARNING * * *
The orc hits you with a +0 dagger.
* * * LOW HITPOINT WARNING * * *
You hit the orc with your +1 long sword.
You kill the orc!
Something hits you but does no damage. Something hits you but does no damage.
Items here: $ ( ))) / ††.
You feel less confused.
You miss something with your +2 dagger of venom.
You miss something with your +1 long sword.
Something barely misses you.
You hit something with your +2 dagger of venom.
You miss something with your +1 long sword.
You barely miss something with your +1 long sword.
You closely miss something with your +2 dagger of venom.
Something hits you but does no damage.
You closely miss something with your +2 dagger of venom.
You miss something with your +1 long sword.
Something hits you.
* * * LOW HITPOINT WARNING * * *
You miss something with your +2 dagger of venom.
You closely miss something with your +1 long sword.
Something hits you but does no damage.
You miss something with your +1 long sword.
You barely miss something with your +2 dagger of venom.
Something hits you.
* * * LOW HITPOINT WARNING * * *
You hit something but do no damage.
You barely miss something with your +2 dagger of venom.
You hear some strange, mumbled words.
You are confused.
You're too confused to move!
You hear some strange, mumbled words.
A puff of flame appears from out of thin air!
The puff of flame hits you!
You die...

.# #.##.#..# .#
.###.##.#..##.# ......
.....##.#..##.####......
.....##.#..##.#.........
.....##.#...............
....#...#.##............
....#.###...#..........#
......# ###.........(..#
....### #. #.{@......#
....##########.$.......#
##...........).#......##
#################..#.#
#...# #... #.>. ...


There were no monsters in sight!

Vanquished Creatures
  An ogre (D:4)
  A hound (D:4)
  A sleepcap (D:4)
  An adder (D:4)
  A ribbon worm (D:2)
  4 orcs (D:4)
  5 endoplasms
  3 giant cockroaches
  6 goblins
  3 hobgoblins
  8 ball pythons
  2 frilled lizards
  6 kobolds
  2 rats
44 creatures vanquished.

Notes
Turn   | Place    | Note
-------+----------+-------------------------------------------
     0 | D:1      | Strat the Coglin Gladiator began the quest for the Orb.
     0 | D:1      | Reached XP level 1. HP: 16/16 MP: 1/1
   696 | D:2      | Reached XP level 2. HP: 22/22 MP: 2/2
  1419 | D:3      | Found a broken altar of Ashenzari.
  1626 | D:3      | Found a shadowy altar of Dithmenos.
  1626 | D:3      | Found a basalt altar of Yredelemnul.
  1666 | D:3      | Found a radiant altar of Vehumet.
  1668 | D:3      | Noticed a frost-covered statue
  1863 | D:2      | Reached skill level 4 in Long Blades
  1882 | D:2      | Reached XP level 3. HP: 23/27 MP: 3/3
  2335 | D:4      | Reached XP level 4. HP: 20/33 MP: 4/4
  2423 | D:4      | Reached skill level 5 in Long Blades
  2565 | D:4      | Noticed an ogre
  2594 | D:4      | Killed an ogre
  2595 | D:4      | Reached skill level 6 in Long Blades
  2595 | D:4      | Reached XP level 5. HP: 38/38 MP: 5/5
  2658 | D:4      | Killed from afar by an orc wizard

Illustrated notes

Levels and vault maps discovered:
D:1:      minmay_arrival_split_and_join, layout_basic, wad_floor_pattern_2,
          minivault_25, chequers_serial_rivers_large_a
D:2:      minmay_door_path, layout_loops_cross
D:3:      layout_loops_ring, nicolae_overflow_hidden_temple, vehumet_statue,
          gammafunk_temple_overflow_statue
D:4:      layout_basic

Skill      XL: |  1  2  3  4 |
---------------+-------------+-----
Long Blades    | 4 6 |  6.3
Fighting       | |  2.0
Throwing       | |  1.7
Dodging        | |  2.6

Action                     |  1- 3 |  4- 6 || total
---------------------------+-------+-------++-------
  Melee: Long sword        |    53 |    32 ||    85
         Dagger            |    42 |    27 ||    69
  Throw: Throwing net      |       |     3 ||     3
    Use: Scroll            |     5 |     5 ||    10
         Potion            |       |     3 ||     3
   Stab: Held in net/web   |       |     2 ||     2
 Armour: Leather armour    |     9 |       ||     9
         Ring mail         |    27 |    17 ||    44
  Dodge: Dodged            |    31 |    16 ||    47

Table legend: (Time is in decaauts)
 A = Elapsed time spent in this place.
 B = Non-inter-level travel time spent in this place.
 C = Inter-level travel time spent in this place.
 D = Time resting spent in this place.
 E = Time spent auto-exploring this place.
 F = Levels seen in this place.
 G = Mean time per level.
                   A        B        C        D        E       F      G
               +--------+--------+--------+--------+--------+-----+--------+
         Total |   2677 |   2389 |    288 |     52 |   1883 |   4 |  669.2 |
       Dungeon |   2677 |   2389 |    288 |     52 |   1883 |   4 |  669.2 |
               +--------+--------+--------+--------+--------+-----+--------+

Top non-repeatable levels by time:
     D:2: 821 daAuts
     D:3: 786 daAuts
     D:1: 713 daAuts
     D:4: 355 daAuts
